 Dungeon Crawl Stone Soup version 0.25-a0-201-g0bb11aece9 (webtiles) character file.

Game seed: 11421866263124001867, levelgen mode: deterministic

889 floatRand the Sneak (level 8, -1/52 HPs)
             Began as an Octopode Fighter on Dec 2, 2019.
             Was an Initiate of Makhleb.
             Slain by a sky beast (5 damage)
             ... on level 5 of the Dungeon.
             The game lasted 00:06:46 (4399 turns).

floatRand the Sneak (Octopode Fighter)              Turns: 4399, Time: 00:06:48

Health: -1/52      AC:  1    Str: 15    XL:     8   Next: 6%
Magic:  9/9        EV: 13    Int: 10    God:    Makhleb [......]
Gold:   76         SH: 10    Dex: 14    Spells: 7/7 levels left

rFire    . . .     SeeInvis .   t - +3 spear (freeze)
rCold    . . .     Gourm    .   b - +1 shield
rNeg     + . .     Faith    .   (helmet restricted)
rPois    .         Spirit   .   (no amulet)
rElec    .         Reflect  .   h - ring of positive energy
rCorr    +         Harm     .   i - ring of resist corrosion
MR       .....                  (no ring)
Stlth    +++++.....             (no ring)
HPRegen  0.17/turn              (no ring)
MPRegen  0.11/turn              (no ring)
                                (no ring)
                                (no ring)

@: no status effects
A: almost no armour, stealthy swim, amphibious, 8 rings, constrict 8, camouflage
1, gelatinous body 1
a: Renounce Religion


You were on level 5 of the Dungeon.
You worshipped Makhleb.
Makhleb was noncommittal.
You were not hungry.

You visited 2 branches of the dungeon, and saw 6 of its levels.

You collected 204 gold pieces.
You spent 128 gold pieces at shops.

Inventory:

Hand Weapons
 a - a +0 trident
 j - a +2 short sword of flaming
 t - a +3 spear of freezing (weapon)
Armour
 b - a +1 shield (worn)
Jewellery
 h - a ring of positive energy (left tentacle)
 i - a ring of resist corrosion (right tentacle)
Wands
 r - a wand of acid (13)
 s - a wand of scattershot (6)
Scrolls
 e - 3 scrolls of identify
 l - 2 scrolls of blinking
 o - 3 scrolls of enchant armour
 u - a scroll of remove curse
 w - a scroll of teleportation {unknown}
 y - a scroll of magic mapping
Potions
 c - a potion of might
 f - 2 potions of curing {unknown}
 g - 3 potions of degeneration {unknown}
 k - a potion of brilliance {unknown}
 m - a potion of ambrosia {unknown}
 n - 3 potions of invisibility {unknown}
 p - a potion of agility {unknown}
 q - a potion of haste {unknown}
 x - a potion of flight {unknown}
 z - a potion of mutation {unknown}
 A - a potion of heal wounds {unknown}
Comestibles
 d - 5 rations
 v - 5 chunks of flesh


   Skills:
 - Level 3.0 Fighting
 + Level 4.2 Polearms
 + Level 4.8 Dodging
 * Level 7.6 Stealth
 + Level 4.9 Shields
 + Level 1.7 Invocations


You had 7 spell levels left.
You didn't know any spells.
Your spell library contained the following spells:

 Spells                   Type           Power        Failure   Level  Hunger
 Magic Dart               Conj           #...         80%         1    ##.....
 Blink                    Tloc           N/A          91%         2    ###....
 Call Imp                 Summ           #.......     91%         2    ###....
 Slow                     Hex            #.......     91%         2    ###....
 Conjure Flame            Conj/Fire      #.......     99%         3    ####...
 Mephitic Cloud           Conj/Pois/Air  #.......     99%         3    ####...


Dungeon Overview and Level Annotations

Branches:
Dungeon (5/15)             Temple (1/1) D:4

Altars:
Ashenzari
Cheibriados
Dithmenos
Fedhas
Hepliaklqana
Kikubaaqudgha
Makhleb
Okawaru
Qazlal
Ru
Sif Muna
Trog
Vehumet
Wu Jian
Zin
The Shining One

Shops:
D:4 *


Innate Abilities, Weirdness & Mutations

You cannot wear most types of armour.
You are very stealthy in the water. (Stealth+)
You are amphibious.
You can wear up to eight rings at the same time.
You can use your tentacles to constrict eight enemies at once.
Your skin changes colour to match your surroundings (Stealth+).
Your rubbery body absorbs attacks. (AC +1, EV +1)


Message History

* * * LOW HITPOINT WARNING * * *
You are too injured to fight recklessly!
Found 13 bolts.
Found a scroll labeled JUDOSI UMINY.
A sky beast appears from thin air!
Reactivating autopickup.
Attack whom?
Press: ? - help, Dir - move target cursor, f - sky beast
Aim: a sky beast (severely wounded)
You reach to attack!
You hit the sky beast. You freeze the sky beast.
The sky beast is almost dead.
You see here 13 bolts.
You barely miss the sky beast.
The sky beast is almost dead.
The sky beast flickers out of sight!
Deactivating autopickup; reactivate with Ctrl-A.
Something hits you.
* * * LOW HITPOINT WARNING * * *
Something shocks you.
You die...

.Y............#..# #.#
#####.###.#####..#### ####'##
#Y..............# #.....#
###..##.#####..##.#######.^...#
#.....#.........#.#...........#
#.#.#.#.........#.#....<).....#
#.#.#...######..#.#...........#
# #.............#.#############
####.#######@##.# #
........?.{..# #
##[.######.#### . ##.# #.# ##
.# #.# .# #.# #.# #.# ..


There were no monsters in sight!

Vanquished Creatures
  2 ice beasts (D:5)
  3 ogres
  A scorpion (D:4)
  A crimson imp (D:5)
  2 hounds (D:4)
  An orc priest (D:4)
  An orc wizard (D:5)
  A hound skeleton (D:4)
  A howler monkey zombie (D:5)
  A worker ant zombie (D:4)
  6 gnolls
  8 adders
  An ooze (D:4)
  3 worms
  A dart slug (D:1)
  A leopard gecko (D:5)
  10 orcs
  2 ball pythons
  A giant cockroach (D:2)
  6 goblins (D:1)
  7 hobgoblins
  7 jackals
  A quokka (D:5)
  5 bats
  5 frilled lizards
  5 kobolds
  A leopard gecko zombie (D:5)
  4 rats (D:1)
88 creatures vanquished.

Vanquished Creatures (others)
  A human (D:4)
1 creature vanquished.

Grand Total: 89 creatures vanquished

Notes
Turn   | Place    | Note
-------+----------+-------------------------------------------
     0 | D:1      | floatRand the Octopode Fighter began the quest for the Orb.
     0 | D:1      | Reached XP level 1. HP: 16/16 MP: 1/1
    24 | D:1      | Reached skill level 1 in Stealth
    28 | D:1      | Reached XP level 2. HP: 9/21 MP: 2/2
   271 | D:1      | You fall into a shaft and drop 1 floor!
   401 | D:1      | Reached skill level 2 in Stealth
   674 | D:1      | Reached XP level 3. HP: 26/26 MP: 3/3
  1091 | D:2      | Reached skill level 3 in Stealth
  1091 | D:2      | Reached XP level 4. HP: 31/31 MP: 4/4
  2072 | D:3      | Found a bloodstained altar of Trog.
  2229 | D:3      | Reached skill level 4 in Stealth
  2229 | D:3      | Reached XP level 5. HP: 32/36 MP: 5/5
  2980 | D:4      | Noticed an ogre
  2990 | D:4      | Killed an ogre
  2990 | D:4      | Reached skill level 5 in Stealth
  2990 | D:4      | Reached XP level 6. HP: 42/42 MP: 6/6
  3162 | D:4      | Reached skill level 6 in Stealth
  3162 | D:4      | Reached XP level 7. HP: 34/46 MP: 7/7
  3353 | D:4      | Found a staircase to the Ecumenical Temple.
  3366 | Temple   | Entered the Ecumenical Temple
  3494 | Temple   | Became a worshipper of Makhleb the Destroyer
  3650 | D:4      | Found an ancient bone altar of Kikubaaqudgha.
  3651 | D:4      | Noticed a human
  3654 | D:4      | Killed a human
  3684 | D:4      | Found Vonn's Assorted Antiques.
  3692 | D:4      | Bought a scroll labeled YNITWI ZOMIRAV for 33 gold pieces
  3692 | D:4      | Bought a scroll labeled YKOUT ONKUT for 33 gold pieces
  3692 | D:4      | Bought a scroll labeled OPOUNAA QEHUA for 33 gold pieces
  3692 | D:4      | Bought an emerald potion for 29 gold pieces
  3789 | D:5      | Entered Level 5 of the Dungeon
  3861 | D:5      | Reached skill level 7 in Stealth
  3861 | D:5      | Reached skill level 1 in Invocations
  4326 | D:5      | Reached XP level 8. HP: 24/52 MP: 9/9
  4399 | D:5      | Slain by a sky beast

Levels and vault maps discovered:
D:1:      wander_arrival_desolate, layout_rooms, serial_bayou,
          serial_bayou_pond_e, serial_bayou_lagoon_b, serial_bayou_pond_b,
          serial_bayou_shore_a
D:2:      layout_basic, minmay_pentomino_s4
D:3:      layout_basic, bloody_trog
D:4:      layout_cave_pools, temple_green, serial_shops,
          nicolae_shop_waterfront, tgw_kikubaaqudgha
D:5:      layout_basic, first_ration
Temple:   jpeg_temple_clearing

Skill      XL: |  1  2  3  4  5  6  7 |
---------------+----------------------+-----
Stealth        | 1 2 3 4 5 6 7 |  7.6
Polearms       | 3 4 |  4.2
Dodging        | 4 |  4.8
Shields        | 4 |  4.9
Invocations    | 1 |  1.7
Fighting       | |  3.0

Action                   |  1- 3 |  4- 6 |  7- 9 || total
-------------------------+-------+-------+-------++-------
Melee: Trident           |    42 |       |       ||    42
       Constrict         |    20 |    16 |    10 ||    46
       Tentacles         |    11 |    15 |    22 ||    48
       Short sword       |    18 |    12 |       ||    30
       Spear             |       |    79 |    78 ||   157
  Use: Scroll            |       |    10 |     4 ||    14
       Potion            |       |       |     1 ||     1
 Stab: Sleeping          |     8 |    10 |     5 ||    23
  Eat: Chunk             |       |     7 |     4 ||    11
Armor: Skin              |     3 |     1 |     2 ||     6
Dodge: Dodged            |    26 |    32 |    18 ||    76
Block: Shield            |    19 |    27 |    20 ||    66

Table legend:
 A = Non-vault XP
 B = Vault XP
 C = Vault XP percentage of total XP
 D = Non-vault monster count
 E = Vault monster count
 F = Vault count percentage of total count
                 A         B        C        D         E       F
            +---------+---------+-------+---------+---------+-------
      Total |    1262 |       8 |   0.6 |      83 |       5 |   5.7
            +---------+---------+-------+---------+---------+-------
        D:1 |      39 |       4 |   9.3 |      23 |       3 |  11.5
        D:2 |      66 |       4 |   5.7 |      10 |       2 |  16.7
        D:3 |     109 |       0 |   0.0 |      16 |       0 |   0.0
        D:4 |     535 |       0 |   0.0 |      19 |       0 |   0.0
        D:5 |     513 |       0 |   0.0 |      15 |       0 |   0.0
            +---------+---------+-------+---------+---------+-------
